 Dungeon Sprint DCSS version 0.24-a0-581-gc0fa660 (webtiles) character file.

Game seed: 7984287611287123813

2452 Faca the Severer (level 9, -8/89 HPs)
             Began as a Formicid Fighter on Aug 22, 2019.
             Was a High Priest of Makhleb.
             Mangled by a red draconian
             ... wielding a +0 great sword of protection
              (18 damage)
             ... in the Dungeon (Sprint V: "Ziggurat Sprint").
             The game lasted 00:04:15 (636 turns).

Faca the Severer (Formicid Fighter)                  Turns: 636, Time: 00:04:15

Health: -8/89      AC: 17    Str: 35    XL:     9   Next: 78%
Magic:  9/9        EV:  7    Int:  9    God:    Makhleb [*****.]
Gold:   0          SH: 14    Dex: 13    Spells: 8/8 levels left

rFire    . . .     SeeInvis +   c - +5 broad axe
rCold    . . .     Gourm    .   t - +3 shield
rNeg     . . .     Faith    .   r - +5 storm dragon scales
rPois    .         Spirit   .   (helmet unavailable)
rElec    +         Reflect  .   (no cloak)
rCorr    .         Harm     .   M - +0 pair of gloves {Dex+3}
MR       .....                  (no boots)
Stlth    ..........             (no amulet)
HPRegen  0.24/turn              F - +6 ring of strength
MPRegen  0.11/turn              G - +6 ring of strength

@: no status effects
A: permanent stasis, dig shafts and tunnels, four strong arms, antennae 3
a: Dig, Minor Destruction, Lesser Servant of Makhleb, Major Destruction, Greater
Servant of Makhleb, Renounce Religion


You were in the Dungeon.
You worshipped Makhleb.
Makhleb was extremely pleased with you.
You were not hungry.

You visited 1 branch

Inventory:

Hand Weapons
 b - a +5 battleaxe
 c - a +5 broad axe (weapon)
 u - a +5 executioner's axe
 K - the +7 great mace "Firestarter" {inner flame, rF++}
   (You found it in the Dungeon)

   It has been specially enchanted to burn those struck by it, causing extra
   injury to most foes and up to half again as much damage against particularly
   susceptible opponents.
   It greatly protects you from fire.
Armour
 o - +5 gold dragon scales
 q - a +5 plate armour
 r - +5 storm dragon scales (worn)
 s - a +3 large shield
 t - a +3 shield (worn)
 M - a +0 pair of gloves of dexterity (worn)
Jewellery
 A - an uncursed ring of flight
 B - a +6 ring of dexterity
 C - a +6 ring of dexterity
 D - a +6 ring of intelligence
 E - a +6 ring of intelligence
 F - a +6 ring of strength (left hand)
 G - a +6 ring of strength (right hand)
 L - an uncursed ring of protection from magic
Wands
 H - a wand of disintegration (7)
 I - a wand of iceblast (7)
 J - a wand of acid (7)
Scrolls
 a - 4 scrolls of amnesia
 k - 4 scrolls of blinking
 v - 7 scrolls of fog
 w - a scroll of holy word
 x - 5 scrolls of identify
 y - 5 scrolls of remove curse
 z - 2 scrolls of fear
Potions
 d - 5 potions of might
 e - 9 potions of curing
 g - 8 potions of heal wounds
 h - 6 potions of haste
 i - 7 potions of magic
 j - 3 potions of berserk rage
 l - 3 potions of brilliance
 m - 2 potions of invisibility
 n - 4 potions of resistance
 p - 6 potions of agility
Comestibles
 f - 7 rations
 N - 6 chunks of flesh


   Skills:
 + Level 15.1 Fighting
 + Level 15.3 Axes
 + Level 3.2 Armour
 + Level 3.6 Shields


You had 8 spell levels left.
You didn't know any spells.
Your spell library contained the following spells:

 Spells                   Type           Power        Failure   Level  Hunger
 Passwall                 Tmut/Erth      #.......     100%        2    ###....
 Ignite Poison            Fire/Tmut/Pois #.......     100%        3    ####...
 Recall                   Summ/Tloc      N/A          100%        3    ####...
 Ice Form                 Ice/Tmut       #.......     100%        4    #####..
 Summon Ice Beast         Ice/Summ       #.......     100%        4    #####..
 Aura of Abjuration       Summ           #.........   100%        5    ######.
 Summon Demon             Summ           #.........   100%        5    ######.
 Summon Forest            Summ/Tloc      #.........   100%        5    ######.
 Summon Mana Viper        Hex/Summ       #.......     100%        5    ######.
 Hydra Form               Tmut           #.........   100%        6    #######
 Poison Arrow             Conj/Pois      #.........   100%        6    #######
 Shadow Creatures         Summ           N/A          100%        6    #######
 Chain Lightning          Conj/Air       #.........   100%        8    #######
 Lehudib's Crystal Spear  Conj/Erth      #.........   100%        8    #######
 Fire Storm               Conj/Fire      #.........   100%        9    #######
 Glaciate                 Conj/Ice       #.........   100%        9    #######


Dungeon Overview and Level Annotations

Branches:
Dungeon (1/1)

Altars:
Ashenzari
Cheibriados
Dithmenos
Elyvilon
Fedhas
Gozag
Hepliaklqana
Kikubaaqudgha
Makhleb
Nemelex Xobeh
Okawaru
Qazlal
Ru
Sif Muna
Trog
Uskayaw
Vehumet
Wu Jian
Xom
Yredelemnul
Zin
The Shining One
Beogh
Jiyva
Lugonu

Annotations:
D 1 transporter


Innate Abilities, Weirdness & Mutations

You cannot be hasted, slowed, berserked, paralysed or teleported.
You can dig through walls and to a lower floor.
Your four strong arms can wield two-handed weapons with a shield.
You have a pair of large antennae on your head. (SInv)


Message History

You feel very sick. You block the red draconian's attack.
The green draconian hits you but does no damage.
You block the green draconian's attack.
The draconian hits you but does no damage.
You block the red draconian's attack.
You feel much better.
You are engulfed in blazing flames.
You feel very sick.
You block the green draconian's attack. x2
The red draconian hits you with a +0 great sword of protection!
The draconian hits you but does no damage.
The red draconian breathes flames at you.
The searing blast hits you!!
* * * LOW HITPOINT WARNING * * *
You feel better.
You are engulfed in blazing flames.
* * * LOW HITPOINT WARNING * * *
The green draconian hits you but does no damage.
The green draconian tail-slaps you but does no damage.
The red draconian hits you with a +0 great sword of protection!!
You die...

▓▓▓▓▓▓▓▓▓▓▓▓▓▓▓▓▓▓
▓...8©8...▓..8©8..
▓..).)=...▓..})|..
▓...|))...▓..).)..
▓.........▓.......
▓.........▓.......
▓dd.......▓...||).
▓ddd......▓...).[.
▓@▓.....▓.▓.▓.).▓.
▓dd..©....▓...©...
{{{
▓▓▓▓▓▓▓▓▓▓▓▓▓▓▓▓▓▓
{{ ▓..8©8..


{{{{{ ▓...)... {{{ ▓..})}.. ▓....... ▓.)..... ▓))).... You could see a green
draconian, 2 draconians and 4 draconians.

Vanquished Creatures
  2 ugly things (D)
  A merfolk (D)
  A hippogriff (D)
  A blink frog (shapeshifter) (D)
  Sigmund (D)
  A hell hound (D)
  2 orc warriors (D)
  A black bear (shapeshifter) (D)
  4 centaurs (D)
  Blork the orc (D)
  An orc priest (D)
  2 orc wizards (D)
  An iron imp (D)
  Jessica (D)
  2 mummies (D)
  A shadow imp (D)
  An adder skeleton (D)
  2 adder zombies (D)
  An orc (D)
  2 ball python zombies (D)
  A quokka zombie (D)
30 creatures vanquished.

Notes
Turn   | Place    | Note
-------+----------+-------------------------------------------
     0 | D        | Faca the Formicid Fighter began the quest for the Orb.
     0 | D        | Reached XP level 1. HP: 18/18 MP: 1/1
     0 | D        | Found a shimmering blue altar of Sif Muna.
     0 | D        | Found a sacrificial altar of Ru.
     0 | D        | Found a bloodstained altar of Trog.
     0 | D        | Found a stormy altar of Qazlal.
     0 | D        | Found an iron altar of Okawaru.
     0 | D        | Found a sparkling altar of Nemelex Xobeh.
     0 | D        | Found a blossoming altar of Fedhas.
     1 | D        | Found the +6 Majin-Bo {vamp, Archmagi MP+6 Int+6}
     1 | D        | Found the +7 great mace "Firestarter" {inner flame, rF++}
     2 | D        | Reached XP level 2. HP: 24/24 MP: 2/2
    31 | D        | Found a viscous altar of Jiyva.
    31 | D        | Found a hazy altar of Hepliaklqana.
    31 | D        | Found a transporter.
    31 | D        | Found an opulent altar of Gozag.
    31 | D        | Found an ancient bone altar of Kikubaaqudgha.
    31 | D        | Found a corrupted altar of Lugonu.
    37 | D        | Found a burning altar of Makhleb.
    59 | D        | Became a worshipper of Makhleb the Destroyer
    62 | D        | Found the +6 shillelagh "Devastator" {shatter}
    62 | D        | Found the +11 plutonium sword {*Contam Stlth-}
    62 | D        | Found the +8 lance "Wyrmbane" {slay drac, rPois rF+ rC+
                  | AC+3}
    62 | D        | Found the +9 sword of Zonguldrok {reap}
    62 | D        | Found the cursed +13 scythe of Curses {drain, *Curse}
    62 | D        | Found the +0 sword of Power
    62 | D        | Found the +7 mace of Variability {chain chaos}
    62 | D        | Found the +7 Singing Sword {slice, sonic wave}
    62 | D        | Found the +8 storm bow {elec, penet}
    64 | D        | Found the +9 heavy crossbow "Sniper" {velocity, Acc+∞ SInv}
    64 | D        | Found the +10 dark maul {crush}
    64 | D        | Found the +15 Maxwell's patent armour {-Cast -Tele rElec
                  | MR+ rCorr}
    64 | D        | Found the +18 shield of the Gong {rElec rN+ MR+ EV-5}
    64 | D        | Found the cursed +14 obsidian axe {chop, +Fly SInv *Curse}
    67 | D        | Entered arena 2.
    67 | D        | Found a transporter.
    76 | D        | Entered arena 3.
    76 | D        | Noticed Sigmund
    76 | D        | Noticed Jessica
    76 | D        | Noticed Blork the orc
    76 | D        | Found a transporter.
    82 | D        | Killed Jessica
    82 | D        | Reached * piety under Makhleb
    82 | D        | Reached XP level 3. HP: 10/31 MP: 3/3
    87 | D        | Killed Blork the orc
    87 | D        | Reached XP level 4. HP: 31/41 MP: 4/4
    87 | D        | Reached XP level 5. HP: 35/47 MP: 5/5
    90 | D        | Killed Sigmund
    90 | D        | Reached skill level 10 in Axes
    90 | D        | Reached XP level 6. HP: 36/57 MP: 6/6
   225 | D        | Entered arena 4.
   225 | D        | Noticed a blink frog
   225 | D        | Noticed a black bear
   225 | D        | Noticed a green ugly thing
   225 | D        | Noticed a brown ugly thing
   225 | D        | Found a transporter.
   235 | D        | Killed a cyan ugly thing
   235 | D        | Reached ** piety under Makhleb
   235 | D        | Reached XP level 7. HP: 29/68 MP: 7/7
   235 | D        | Reached XP level 8. HP: 32/76 MP: 8/8
   238 | D        | Killed a blink frog
   239 | D        | Killed a green ugly thing
   466 | D        | Entered arena 5.
   466 | D        | Found a transporter.
   468 | D        | Reached *** piety under Makhleb
   469 | D        | Reached XP level 9. HP: 85/85 MP: 9/9
   480 | D        | Entered arena 6.
   480 | D        | Found a transporter.
   484 | D        | Reached **** piety under Makhleb
   500 | D        | Entered arena 7.
   502 | D        | Found a transporter.
   505 | D        | Reached ***** piety under Makhleb
   584 | D        | Got the Almanac of Transmutation and Snow
   587 | D        | Entered arena 8.
   587 | D        | Noticed a merfolk
   587 | D        | Noticed a hippogriff
   588 | D        | Identified the cursed +0 trident of Rousa {antimagic, rPois
                  | rF++}
   590 | D        | Found a transporter.
   597 | D        | Killed a hippogriff
   597 | D        | Reached skill level 15 in Axes
   604 | D        | Killed a merfolk
   604 | D        | Reached skill level 15 in Fighting
   617 | D        | Entered arena 9.
   617 | D        | Noticed a red draconian
   617 | D        | Noticed a red draconian
   617 | D        | Noticed a draconian
   617 | D        | Noticed a draconian
   617 | D        | Noticed a green draconian
   617 | D        | Noticed a draconian
   617 | D        | Noticed a draconian
   621 | D        | Found a transporter.
   636 | D        | Mangled by a red draconian

Levels and vault maps discovered:
D:        sprint_v [room_start, room_1, room_2, room_3, room_4, room_5, room_6,
          room_7, room_8, room_9, room_10, room_11, room_12, room_13, room_14,
          room_15, room_16, room_17, room_18, room_19, room_20, room_21,
          room_22, room_23, room_24, room_25, room_26, room_27]

Skill      XL: |  1  2  3  4  5  6  7  8  9 |
---------------+----------------------------+-----
Axes           | 7 8 9 10 12 14 15 | 15.3
Fighting       | 4 6 8 11 13 15 | 15.1
Armour         | |  3.2
Shields        | |  3.6

Action                   |  1- 3 |  4- 6 |  7- 9 || total
-------------------------+-------+-------+-------++-------
Melee: Broad axe         |     8 |    12 |    41 ||    61
  Use: Potion            |     3 |       |     6 ||     9
Armor: Storm dragon scal |     3 |     7 |    27 ||    37
Dodge: Dodged            |     2 |     4 |    12 ||    18
Block: Shield            |     9 |    11 |    47 ||    67

Table legend:
 A = Non-vault XP
 B = Vault XP
 C = Vault XP percentage of total XP
 D = Non-vault monster count
 E = Vault monster count
 F = Vault count percentage of total count
                 A         B        C        D         E       F
            +---------+---------+-------+---------+---------+-------
      Total |       0 |    3494 | 100.0 |       0 |      30 | 100.0
            +---------+---------+-------+---------+---------+-------
          D |       0 |    3494 | 100.0 |       0 |      30 | 100.0
            +---------+---------+-------+---------+---------+-------
